 Dungeon Crawl Stone Soup version 0.28.0-53-g5a82cb258f (webtiles) character file.

Game seed: 12639792075549075136

139 safid the Digger (level 5, -2/31 HPs)
             Began as a Gargoyle Earth Elementalist on Sept 1, 2022.
             Splashed by a jelly's acid (8 damage)
             ... in a sewer.
             The game lasted 00:05:25 (3853 turns).

safid the Digger (Gargoyle Earth Elementalist)      Turns: 3853, Time: 00:05:26

Health: -2/31      AC:  2    Str: 12    XL:     5   Next: 22%
Magic:  7/9        EV: 12    Int: 17    God:
Gold:   62         SH:  0    Dex: 14    Spells: 6/10 levels left

rFire   . . .      SeeInvis .   e - +0 dagger (venom)
rCold   . . .      Faith    .   (no shield)
rNeg    + . .      Spirit   .   b - +0 robe
rPois   ∞          Reflect  .   (no helmet)
rElec   +          Harm     .   (no cloak)
rCorr   .          Rampage  .   (no gloves)
Will    ++...                   (no boots)
Stlth   +.........              (no amulet)
HPRegen 0.10/turn               h - ring of the Hippo {rPois Will++ Dex+4 Slay-5}
MPRegen 0.11/turn               (no ring)

@: corroded, very slow
A: sickness immunity, AC +4, negative energy resistance 1, electricity
resistance, torment resistance 1, petrification resistance
a: no special abilities


You were in a sewer.
You visited 1 branch of the dungeon, and saw 3 of its levels.
You also visited: Sewer.

You collected 62 gold pieces.

Inventory:

Hand Weapons
 e - a +0 dagger of venom (weapon)
Missiles
 c - 18 stones
Armour
 b - a +0 robe (worn)
Jewellery
 h - the ring of the Hippo (left hand) {rPois Will++ Dex+4 Slay-5}
   (You found it on level 2 of the Dungeon)

   [ring of poison resistance]

   Dex:       It affects your dexterity (+4).
   Slay:      It affects your accuracy & damage with ranged weapons and melee
   (-5).
   rPois:     It protects you from poison.
   Will:      It greatly increases your willpower.
Scrolls
 a - a scroll of teleportation {unknown}
 d - a scroll of noise {unknown}
 f - 3 scrolls of identify {unknown}
 i - a scroll of fear {unknown}
 j - a scroll of fog {unknown}
 k - a scroll of vulnerability {unknown}
Potions
 g - a potion of curing {unknown}
 l - a potion of invisibility {unknown}
 m - 2 potions of might {unknown}


   Skills:
 + Level 2.5 Fighting
 - Level 2.0 Dodging
 - Level 2.1 Stealth
 + Level 3.0 Spellcasting
 + Level 0.2 Conjurations
 - Level 1.0 Transmutations
 + Level 4.8 Earth Magic


You had 6 spell levels left.
You knew the following spells:

 Your Spells              Type           Power      Damage    Failure   Level
a - Sandblast             Erth           38%        2d10      2%          1
b - Stone Arrow           Conj/Erth      22%        3d8       19%         3

Your spell library contained the following spells:

 Spells                   Type           Power      Damage    Failure   Level
 Passwall                 Tmut/Erth      10%        N/A       8%          2
 Petrify                  Tmut/Erth      12%        N/A       45%         4


Dungeon Overview and Level Annotations

Branches:
Dungeon (3/15)              Sewer (1/1)

Altars:

Shops:
D:3 *


Innate Abilities, Weirdness & Mutations

You are immune to sickness and miasma.
Your stone body is resilient. (AC +4)
You are immune to poison.
You resist negative energy. (rN+)
You are resistant to electric shocks. (rElec)
You are resistant to unholy torment.
You are immune to petrification.


Message History

You see here a worm corpse.
The jelly quivers.
You hit the frilled lizard but do no damage.
The frilled lizard is poisoned.
The frilled lizard barely misses you.
You hit the frilled lizard but do no damage.
The frilled lizard looks as sick as possible!
The frilled lizard is heavily wounded.
You kill the frilled lizard!
You enter the shallow water.
Moving in this stuff is going to be slow.
The jelly hits you.
You are splashed with acid.
You hit the jelly but do no damage.
The jelly is poisoned.
The acid corrodes you!
Your hands burn!
The jelly hits you. The acid corrodes you!
You are splashed with acid!
* * * LOW HITPOINT WARNING * * *
You are too injured to fight recklessly!
You are too injured to fight recklessly!
You are too injured to fight recklessly!
You are too injured to fight recklessly!
You are too injured to fight recklessly!
You are too injured to fight recklessly!
You are too injured to fight recklessly!
You are too injured to fight recklessly!
You are too injured to fight recklessly!
You are too injured to fight recklessly!
You are too injured to fight recklessly!
You are too injured to fight recklessly!
Unknown command.
Unknown command.
Casting: Sandblast (safe; 2% risk of failure)
Confirm with . or Enter, or press ? or * to list all spells.
Aiming: Sandblast (safe; 2% risk of failure)
Press: ? - help, Shift-Dir - straight line, f - jelly
Aim: a jelly (very poisoned, 100% to hit)
The blast of sand hits the jelly!
The jelly is almost dead.
The jelly hits you.
* * * LOW HITPOINT WARNING * * *
You are splashed with acid!
You die...

##≈≈.≈†..≈# ##########
##.≈≈≈.≈### †≈.....≈.#
##..≈.≈≈≈###
.≈....≈..##
##....≈≈.≈.##
#######†≈##≈
##...#≈†≈.≈.≈#
#..##..##≈≈.##.≈.##≈.≈#
#≈.##≈.....##≈≈...# ≈.#
#######..#
#.≈≈..#..≈#≈≈# ≈≈
≈....≈..≈#
###J@##.##.≈#
≈.≈......# #≈..###.≈.#
########## #..††≈.≈∩##
##≈...≈≈## ##..####
#≈≈# #≈.. ##.≈≈ ##J.


You could see a jelly (very poisoned).

Vanquished Creatures
  2 adders
  5 river rats
  3 worms
  4 dart slugs
  3 bats (D:2)
  8 endoplasms
  2 giant cockroaches
  3 goblins
  3 hobgoblins
  4 kobolds
  8 ball pythons
  9 frilled lizards
  13 rats
67 creatures vanquished.

Vanquished Creatures (others)
  A plant (D:3)
1 creature vanquished.

Grand Total: 68 creatures vanquished

Notes
Turn   | Place    | Note
-------+----------+-------------------------------------------
     0 | D:1      | safid the Gargoyle Earth Elementalist began the quest for
                  | the Orb.
     0 | D:1      | Reached XP level 1. HP: 10/10 MP: 3/3
   432 | D:1      | Found a faded altar of an unknown god.
   441 | D:1      | Reached skill level 1 in Transmutations
   441 | D:1      | Reached XP level 2. HP: 16/16 MP: 3/5
   963 | D:1      | Reached skill level 1 in Fighting
  1627 | D:2      | Reached skill level 4 in Earth Magic
  1627 | D:2      | Reached XP level 3. HP: 20/20 MP: 6/6
  1981 | D:2      | Identified the ring of the Hippo {rPois Will++ Dex+4
                  | Slay-5}
  2786 | D:3      | Found Xyot's Assorted Antiques.
  2792 | D:3      | Reached XP level 4. HP: 21/26 MP: 5/7
  2846 | D:3      | Found a glowing drain.
  3049 | Sewer    | Entered a sewer
  3459 | Sewer    | Reached XP level 5. HP: 22/31 MP: 9/9
  3793 | Sewer    | Learned a level 3 spell: Stone Arrow
  3853 | Sewer    | Splashed by a jelly's acid

Illustrated notes

Levels and vault maps discovered:
D:1:      tarquinn_simple_flora_water_e, layout_basic,
          shapermc_ecumenical_altar_gd, minmay_stone_trees_medium
D:2:      layout_loops_ring, minmay_misc_feat_five
D:3:      layout_loops_cross, lemuel_coloured_pillars_altar, serial_shops,
          nicolae_shop_overgrown_old_shop, serial_glass, glass_columns_a,
          glass_columns_b, feat_on_display, minmay_strange_pillars,
          portal_sewer_entry_a, minmay_misc_feat_hallway,
          minmay_misc_feat_secret_circle, corner_web_ring
Sewer:    sewer_hellmonk_slimy_pipes

Skill      XL: |  1  2  3  4  5 |
---------------+----------------+-----
Transmutations | 1 |  1.0
Fighting       | 1 2 |  2.5
Earth Magic    | 4 |  4.8
Dodging        | 2 |  2.0
Spellcasting   | 3 |  3.0
Stealth        | |  2.1
Conjurations   | |  0.2

Action                   |  1- 3 |  4- 6 || total
-------------------------+-------+-------++-------
Melee: Unarmed           |    23 |       ||    23
       Punch             |     1 |       ||     1
       Whip              |    14 |       ||    14
       Short sword       |    47 |       ||    47
       Dagger            |    32 |    86 ||   118
 Cast: Sandblast         |    22 |    31 ||    53
 Stab: Sleeping          |     5 |       ||     5
Armor: Robe              |    40 |    36 ||    76
Dodge: Dodged            |    91 |    63 ||   154
